Map: Lightshade LE

Players

HeroMarine

  • Race: Terran Terran
  • League: Grandmaster

Serral - Winner!

  • Race: Zerg Zerg

Event: DreamHack SC2 Masters 2021 Fall

VOD

Have the link to the VOD?

Description

Time

  • Played on: Sept. 11, 2021, 11:26 a.m.
  • Length: 12:28

All games in this series

Show
View Real Time Build Order
Export as new Build Order

HeroMarine Terran 

Build Orders: Reaper Expand 

Get SALT Encoding   

  12  0:00  SCV  
  13  0:12  SCV  
  14  0:17  Supply Depot  
  14  0:24  SCV  
  15  0:38  SCV  
  15  0:40  Barracks  
  16  0:43  Refinery  
  16  0:50  SCV  
  17  1:03  SCV  
  18  1:15  SCV  
  19  1:27  Reaper, Orbital Command  
  20  1:42  Command Center  
  20  1:52  Supply Depot  
  20  1:53  SCV  
  21  1:58  Marine  
  22  2:05  SCV  
  23  2:10  Factory  
  23  2:17  SCV  
  23  2:20  Barracks Reactor  
  24  2:29  SCV  
  25  2:40  Command Center  
  25  2:42  SCV  
  26  2:54  SCV  
  26  2:57  Starport  
  27  3:00  Orbital Command  
  27  3:06  SCV  
  27  3:08  Hellion  
  30  3:13  Hellion  
  30  3:18  SCV  
  33  3:24  Refinery  
  33  3:27  SCV  
  33  3:29  Hellion  
  33  3:30  SCV  
  33  3:33  Viking  
  39  3:37  Hellion  
  39  3:39  SCV  
  42  3:43  SCV  
  42  3:45  Barracks Tech Lab  
  43  3:51  SCV  
  43  3:52  Orbital Command  
  43  3:55  SCV  
  45  4:01  Barracks  
  45  4:05  Starport Reactor  
  45  4:06  Barracks  
  45  4:07  SCV  
  45  4:08  Factory Tech Lab  
  45  4:09  SCV  
  47  4:14  Marine, Stimpack  
  48  4:17  SCV  
  48  4:19  SCV  
  48  4:21  SCV  
  51  4:26  Supply Depot  
  51  4:29  SCV  
  53  4:31  SCV  
  53  4:32  Marine  
  53  4:33  Refinery, SCV  
  53  4:35  Refinery  
  55  4:41  SCV  
  55  4:43  SCV  
  55  4:45  Engineering Bay x2  
  57  4:49  Supply Depot  
  57  4:50  Supply Depot  
  57  4:51  SCV  
  57  4:52  Starport Reactor  
  58  4:53  SCV  
  58  4:55  SCV  
  58  4:57  Marine x3  
  63  5:00  Marine x2  
  63  5:03  SCV  
  63  5:06  Orbital Command  
  66  5:07  SCV  
  66  5:09  Supply Depot  
  66  5:12  Siege Tank  
  66  5:13  Supply Depot  
  70  5:15  SCV  
  70  5:16  Marine  
  70  5:17  Marine  
  70  5:19  SCV  
  70  5:20  Marine x3  
  77  5:26  Terran Infantry Weapons Level 1  
  77  5:28  Terran Infantry Armor Level 1  
  72  5:36  SCV x3  
  72  5:39  Marine  
  72  5:40  Marine x2  
  72  5:41  Medivac  
  76  5:43  Medivac  
  76  5:48  SCV x3  
  76  5:49  Siege Tank  
  84  5:55  Supply Depot  
  84  6:00  SCV x2  
  84  6:01  SCV  
  84  6:02  Barracks, Combat Shield  
  87  6:07  Marine  
  87  6:08  Marine x2, Barracks  
  87  6:09  Marine x2  
  92  6:12  SCV  
  92  6:16  SCV x2, Medivac x2  
  99  6:22  Supply Depot x2  
  99  6:24  SCV  
  100  6:26  Marine  
  100  6:30  Supply Depot  
  101  6:35  SCV, Siege Tank  
  101  6:36  SCV x2  
  101  6:43  Refinery, Marine x4  
  101  6:44  Marine  
  101  6:46  Armory  
  106  6:47  SCV  
  106  6:48  SCV x2  
  106  6:53  Barracks Reactor  
  109  6:56  Barracks Reactor, Medivac  
  109  7:00  Supply Depot, Medivac  
  113  7:01  Marine x4  
  113  7:02  Marine  
  113  7:07  Widow Mine  
  120  7:14  Factory  
  120  7:19  Marine x4  
  120  7:20  Marine  
  125  7:23  Command Center  
  125  7:29  Widow Mine  
  127  7:32  Terran Infantry Weapons Level 2  
  127  7:34  Marine  
  127  7:35  Marine x3  
  131  7:37  Marine x2, Terran Infantry Armor Level 2  
  131  7:42  Marine  
  131  7:43  Marine  
  133  7:46  Drilling Claws  
  133  7:49  Supply Depot  
  133  7:50  Supply Depot  
  133  7:51  Marine  
  133  7:52  Marine x2, Widow Mine  
  133  7:55  Supply Depot  
  133  7:56  Supply Depot  
  133  7:58  Marine x2  
  138  7:59  Factory Reactor  
  138  8:05  Marine  
  138  8:06  Marine  
  138  8:07  Marine  
  138  8:11  Marine x2, Supply Depot, Medivac x2  
  138  8:12  Sensor Tower  
  146  8:21  Widow Mine  
  146  8:23  Marine x4  
  146  8:24  SCV  
  146  8:25  Marine x2, SCV x2  
  146  8:26  Marine  
  158  8:28  Marine x2  
  158  8:29  Supply Depot  
  160  8:37  Widow Mine  
  160  8:39  Widow Mine  
  160  8:41  Liberator x2  
  170  8:42  Widow Mine  
  170  8:51  Marine x2  
  170  8:54  Marine  
  170  8:55  Marine x3  
  164  8:57  Marine x2  
  164  8:59  Widow Mine  
  164  9:01  Widow Mine  
  169  9:04  Widow Mine  
  169  9:06  Marine  
  169  9:08  SCV x2  
  171  9:10  SCV  
  171  9:12  Marine  
  171  9:13  Marine x2  
  171  9:15  Planetary Fortress  
  175  9:18  Barracks  
  175  9:21  Barracks x2  
  175  9:22  SCV x2  
  175  9:23  SCV  
  175  9:24  Medivac x2  
  178  9:28  Marine x3  
  178  9:29  Widow Mine  
  178  9:31  Widow Mine x2  
  174  9:32  Marine  
  174  9:33  Marine x2  
  177  9:41  Marine x2  
  177  9:42  Marine  
  180  9:45  Marine  
  180  9:46  Marine  
  180  9:49  Terran Infantry Weapons Level 3  
  180  9:50  Widow Mine  
  180  9:52  Widow Mine  
  179  9:54  Medivac  
  179  9:56  Marine  
  179  9:57  Marine x2  
  179  9:59  Widow Mine  
  168  10:01  Marine x2  
  168  10:02  Refinery x2, Ghost Academy  
  168  10:03  Liberator  
  168  10:04  Marine x2  
  175  10:12  Marine, Widow Mine  
  168  10:16  Marine x4  
  168  10:20  Barracks Tech Lab x2  
  168  10:24  SCV, Widow Mine x2  
  168  10:25  SCV x2  
  168  10:26  Liberator  
  178  10:31  Marine  
  178  10:33  Marine  
  178  10:36  Marine  
  178  10:39  Marine x2  
  178  10:40  Marine  
  178  10:41  Marine, Marauder x2  
  163  10:44  Widow Mine, Barracks Tech Lab  
  163  10:45  Marine, Widow Mine, Marauder  
  163  10:49  Marine  
  171  10:51  Marine  
  171  10:53  Widow Mine, Liberator  
  171  10:54  Marine  
  178  10:57  Marine x2  
  178  11:02  Marauder x2  
  178  11:04  Marauder  
  186  11:05  Widow Mine  
  186  11:06  Marine  
  186  11:07  Marine x2, Marauder  
  186  11:08  Marine, Liberator  
  173  11:22  Widow Mine  
  173  11:23  Widow Mine, Marauder x2  
  173  11:25  Marauder  
  178  11:27  Widow Mine  
  178  11:28  Marauder  
  178  11:32  Marine x2  
  184  11:36  Marine x2, Liberator, Missile Turret  
  185  11:45  Marauder x2  
  186  11:55  Marine  
  186  11:56  Marauder x2  
  186  11:59  Orbital Command  
  186  12:00  Marine x2  
  189  12:06  Marauder  
  189  12:07  Marine  
  172  12:12  Missile Turret  
Show
View Real Time Build Order
Export as new Build Order

Serral Zerg - Winner!

Build Orders: Hatch First, Lurkers 

Get SALT Encoding   

  12  0:00  Drone  
  13  0:12  Overlord  
  13  0:16  Drone  
  14  0:31  Drone x2  
  16  0:50  Hatchery  
  16  0:51  Drone  
  16  0:54  Drone  
  17  0:58  Drone  
  18  1:08  Extractor  
  17  1:12  Spawning Pool  
  17  1:15  Drone  
  17  1:19  Drone  
  18  1:28  Drone  
  19  1:39  Drone  
  20  1:49  Drone  
  21  2:01  Queen x2  
  21  2:02  Zergling x4  
  27  2:11  Overlord  
  27  2:13  Drone  
  28  2:22  Hatchery  
  27  2:26  Drone  
  28  2:30  Spore Crawler  
  28  2:34  Drone x2  
  28  2:36  Drone  
  31  2:41  Metabolic Boost  
  31  2:46  Queen  
  33  2:51  Overlord  
  33  2:55  Drone  
  33  2:57  Drone  
  35  2:58  Drone  
  35  3:04  Overlord  
  36  3:10  Drone x3  
  39  3:15  Drone  
  40  3:20  Queen  
  40  3:23  Drone  
  40  3:25  Queen  
  45  3:27  Drone  
  45  3:30  Drone  
  45  3:31  Drone  
  48  3:36  Queen  
  48  3:40  Overlord  
  50  3:44  Drone x2  
  50  3:47  Zergling x4  
  55  3:48  Drone  
  55  3:50  Drone  
  55  3:55  Queen  
  56  4:01  Overlord  
  56  4:02  Zergling x4  
  60  4:05  Queen  
  60  4:07  Drone  
  60  4:08  Drone  
  64  4:13  Queen  
  66  4:19  Overlord  
  66  4:20  Drone  
  66  4:21  Drone x3  
  66  4:23  Drone  
  71  4:25  Drone  
  71  4:26  Drone  
  71  4:27  Drone  
  74  4:31  Overlord  
  74  4:35  Lair  
  74  4:37  Extractor, Zergling x2  
  74  4:38  Overlord  
  74  4:39  Drone  
  74  4:41  Zergling x2  
  74  4:43  Overlord  
  74  4:45  Drone x2  
  77  4:48  Drone x2  
  77  4:52  Drone x3  
  83  4:53  Drone  
  83  4:59  Baneling Nest, Overlord  
  83  5:02  Drone x2  
  83  5:04  Overlord  
  85  5:09  Extractor x2, Drone x2  
  85  5:15  Overlord  
  85  5:19  Hatchery  
  84  5:23  Evolution Chamber  
  84  5:25  Zergling x4, Evolution Chamber  
  82  5:33  Drone x7  
  82  5:36  Drone  
  82  5:37  Drone  
  82  5:38  Drone  
  82  5:39  Drone  
  82  5:42  Centrifical Hooks  
  86  5:43  Drone  
  86  5:44  Drone  
  86  5:48  Baneling x3  
  86  5:49  Baneling x2, Drone  
  89  5:53  Drone x3  
  92  5:57  Overlord  
  92  5:59  Drone  
  92  6:01  Zerg Melee Weapons Level 1  
  92  6:02  Zerg Ground Armor Level 1  
  93  6:06  Drone  
  93  6:07  Drone  
  93  6:09  Drone x2  
  93  6:10  Overlord  
  97  6:11  Zergling x2  
  97  6:15  Zergling x6  
  97  6:18  Baneling x3  
  101  6:19  Zergling x2  
  101  6:20  Zergling x4  
  101  6:23  Zergling x4  
  105  6:26  Drone x3, Overlord  
  105  6:27  Overseer  
  108  6:36  Drone  
  108  6:37  Queen, Drone x3  
  108  6:39  Drone  
  114  6:43  Baneling  
  114  6:46  Drone  
  115  6:50  Zergling x4, Hatchery  
  115  6:51  Zergling x6  
  119  6:55  Zergling x12  
  125  7:02  Overlord  
  125  7:03  Overlord  
  125  7:05  Zergling x2, Hatchery  
  125  7:06  Zergling x6  
  128  7:09  Zergling x2  
  128  7:13  Baneling x2, Overseer  
  128  7:14  Zergling x10  
  134  7:16  Drone  
  134  7:17  Spore Crawler  
  134  7:20  Drone  
  134  7:22  Pneumatized Carapace  
  135  7:23  Overseer  
  135  7:24  Overlord  
  135  7:25  Zergling x2  
  135  7:28  Zergling x12  
  142  7:35  Zergling x2  
  142  7:36  Zergling x2  
  144  7:40  Baneling x4  
  144  7:41  Baneling x3  
  144  7:42  Zergling x6  
  144  7:50  Drone x2  
  144  7:51  Extractor x2  
  145  7:52  Drone x5, Infestation Pit, Hydralisk Den  
  145  7:53  Overseer  
  147  8:00  Drone  
  147  8:01  Zerg Melee Weapons Level 2  
  147  8:02  Zerg Ground Armor Level 2  
  147  8:03  Zergling x8  
  147  8:09  Baneling x4  
  150  8:12  Zergling x6  
  150  8:13  Zergling x2  
  150  8:17  Zergling x2  
  150  8:18  Zergling x20  
  160  8:20  Burrow  
  162  8:29  Overlord  
  162  8:31  Overlord  
  162  8:33  Hive  
  160  8:35  Extractor x2  
  160  8:36  Lurker Den, Drone x4  
  160  8:37  Drone x3  
  160  8:39  Zergling x6  
  166  8:43  Baneling x7  
  166  8:44  Zergling x12  
  169  8:51  Zergling x10  
  169  8:52  Zergling x18  
  160  8:59  Zergling x2  
  160  9:00  Zergling x10  
  154  9:04  Baneling  
  154  9:05  Baneling x3  
  154  9:09  Zergling x8  
  157  9:12  Drone  
  157  9:13  Drone x6  
  157  9:14  Spore Crawler  
  157  9:16  Baneling x4  
  163  9:18  Zergling x20  
  163  9:23  Baneling x2  
  160  9:24  Baneling x7  
  149  9:31  Zergling x4  
  149  9:32  Zergling x14  
  149  9:33  Zergling x8  
  149  9:34  Baneling x4  
  162  9:39  Zergling x8  
  162  9:40  Zergling x2  
  162  9:41  Hydralisk x2  
  162  9:43  Hydralisk  
  173  9:46  Baneling x5  
  173  9:50  Adrenal Glands  
  167  9:56  Zergling x14  
  168  10:06  Hydralisk x6  
  180  10:13  Zergling x18  
  182  10:16  Zergling x8  
  181  10:22  Lurker x3  
  181  10:23  Muscular Augments, Seismic Spines  
  184  10:34  Baneling x2  
  184  10:35  Baneling x6  
  184  10:40  Zergling x22  
  184  10:41  Zergling x2  
  185  10:45  Overlord  
  185  10:46  Overlord  
  185  10:49  Overlord  
  185  10:50  Overlord  
  185  10:52  Baneling x5  
  185  10:58  Extractor  
  185  10:59  Extractor  
  185  11:00  Overlord  
  180  11:07  Hatchery  
  180  11:10  Hydralisk x2  
  180  11:11  Zergling x10, Hydralisk  
  170  11:15  Zergling x10  
  167  11:19  Zergling x8  
  167  11:20  Adaptive Talons  
  167  11:24  Drone  
  167  11:25  Viper x2  
  171  11:32  Zergling x18  
  182  11:41  Baneling  
  182  11:42  Baneling  
  181  11:48  Lurker x5  
  181  11:53  Hydralisk x4  
  183  11:54  Zergling x22  
  188  12:02  Zergling x18  
  188  12:03  Zergling x2  
  188  12:04  Zergling x4  

Tags
 
Add a new tag
Caveats
  • Supply blocks, unpowered buildings, or Contaminate may cause inaccurate times.
  • Supply counts are checked every 10 seconds.